 Dungeon Crawl Stone Soup version 0.21.1-1-g345015fe64 (webtiles) character file.

22354 GuyWithAPlan the Impaler (level 12, -24/70 HPs)
             Began as a Demonspawn Gladiator on Mar 4, 2018.
             Was an Elder of Hepliaklqana.
             Annihilated by a white ugly thing (32 damage)
             ... in an ice cave on Mar 5, 2018.
             The game lasted 00:30:52 (12246 turns).

GuyWithAPlan the Impaler (Demonspawn Gladiator)    Turns: 12246, Time: 00:30:53

Health: -24/70     AC: 21    Str: 15    XL:     12   Next: 62%
Magic:  12/12      EV:  8    Int: 11    God:    Hepliaklqana [****..]
Gold:   898        SH:  0    Dex: 18    Spells: 11/11 levels left

rFire    + . .     SeeInvis .   q - +4 glaive (freeze)
rCold    . . .     Gourm    .   (shield currently unavailable)
rNeg     . . .     Faith    .   N - +5 plate armour of Gluttony {rF+}
rPois    +         Spirit   .   H - +2 hat
rElec    .         Reflect  .   (no cloak)
rCorr    .         Harm     .   (no gloves)
MR       .....                  j - +0 pair of boots
Stlth    ..........             (no amulet)
HPRegen  0.21/turn              m - ring of poison resistance
MPRegen  0.13/turn              I - +3 ring of evasion

@: no status effects
A: reduced essence, horns 1, slimy green scales 2, demonic guardian 1, spiny 2,
augmentation 1
a: Recall Ancestor, Ancestor Identity, Transference, Idealise, Renounce Religion


You were in an ice cave.
You worshipped Hepliaklqana.
Hepliaklqana was greatly pleased with you.
You were not hungry.

You visited 3 branches of the dungeon, and saw 14 of its levels.
You also visited: Ice Cave.

You collected 898 gold pieces.

Inventory:

Hand Weapons
 q - a +4 glaive of freezing (weapon)
 r - a +2 hunting sling of velocity
 A - a +4 spear of freezing
Missiles
 d - 3 throwing nets
 n - 44 poisoned needles
 x - 4 exploding tomahawks
 Q - 6 javelins (quivered)
Armour
 j - a +0 pair of boots (worn)
 H - a +2 hat (worn)
 K - a +1 chain mail of poison resistance
 N - the +5 plate armour of Gluttony (worn) {rF+}
   (You found it on level 7 of the Dungeon)

   It protects you from fire.
Jewellery
 m - a ring of poison resistance (left hand)
 s - a cursed ring of teleportation {unknown}
 u - an uncursed ring of loudness
 z - a +2 ring of dexterity
 I - a +3 ring of evasion (right hand)
 J - an uncursed amulet of faith {unknown}
 P - an uncursed ring of protection from magic
 X - a cursed ring of teleportation {unknown}
Wands
 L - a wand of paralysis (22)
 S - a wand of acid (14)
Scrolls
 g - 9 scrolls of teleportation
 h - a scroll of magic mapping
 i - a scroll of enchant armour
 v - 5 scrolls of amnesia
 E - 3 scrolls of fog {unknown}
 F - 3 scrolls of fear {unknown}
 G - a scroll of remove curse
 T - a scroll of noise {unknown}
 V - a scroll of blinking {unknown}
 Z - a scroll of identify
Potions
 e - 4 potions of curing
 k - 2 potions of cancellation
 l - 2 potions of berserk rage
 o - a potion of agility {unknown}
 w - 4 potions of lignification
 B - 4 potions of degeneration
 C - a potion of mutation {unknown}
 D - 2 potions of invisibility {unknown}
 M - a potion of brilliance {unknown}
 O - 2 potions of might {unknown}
 U - 3 potions of heal wounds
 Y - a potion of flight {unknown}
Books
 a - a Fen Folio

   Spells                             Type                      Level
   a - Corpse Rot                     Necromancy                   2
   b - Stone Arrow                    Conjuration/Earth            3
   c - Leda's Liquefaction            Hexes/Earth                  4
   d - Summon Forest                  Summoning/Translocation      5
   e - Hydra Form                     Transmutation                6
   f - Summon Hydra                   Summoning                    7
 R - a book of Misfortune

   Spells                             Type                      Level
   a - Confusing Touch                Hexes                        1
   b - Confuse                        Hexes                        3
   c - Gell's Gravitas                Translocation                3
   d - Petrify                        Transmutation/Earth          4
   e - Metabolic Englaciation         Hexes/Ice                    5
   f - Yara's Violent Unravelling     Hexes/Transmutation          5
 W - a book of Frost

   Spells                             Type                      Level
   a - Freeze                         Ice                          1
   b - Throw Frost                    Conjuration/Ice              2
   c - Ozocubu's Armour               Charms/Ice                   3
   d - Throw Icicle                   Conjuration/Ice              4
   e - Summon Ice Beast               Ice/Summoning                4
Comestibles
 f - 31 rations


   Skills:
 - Level 2.0 Fighting
   Level 3.7 Maces & Flails
 + Level 17.9 Polearms
 - Level 1.7 Throwing
 - Level 2.6 Dodging


You had 11 spell levels left.
You didn't know any spells.

Dungeon Overview and Level Annotations

Branches:
Dungeon (10/15)            Temple (1/1) D:4            Lair (3/6) D:9
 Spider (0/4) Lair:2
  Swamp: Lair:2-4    Shoals: Lair:2-4       Orc: D:9-12

Altars:
Ashenzari
Cheibriados
Dithmenos
Elyvilon
Fedhas
Gozag
Hepliaklqana
Kikubaaqudgha
Makhleb
Nemelex Xobeh
Okawaru
Qazlal
Ru
Sif Muna
Trog
Wu Jian
Xom
Yredelemnul
Zin
The Shining One

Shops:
D:8 !

Annotations:
D:10 Paulina's ghost, journeyman FoEn IceCv exclusion: 2 ice statues


Innate Abilities, Weirdness & Mutations

You have a pair of small horns on your head.
You are mostly covered in slimy green scales. (AC +3)
A weak demonic guardian rushes to your aid.
You are mostly covered in sharp spines.
Your magical and physical power is slightly enhanced at high health.
Your life essence is reduced to manifest your ancestor. (-10% HP)


Message History

You slash the ice statue!
You headbutt the ice statue, but do no damage.
The ice statue is severely damaged.
The ice beast is struck by your spines. The ice beast closely misses you.
The white ugly thing is struck by your spines.
The white ugly thing bites you. The white ugly thing freezes you!!
The ice statue glitters chillingly in the dim dungeon light.
The ice statue gestures at you. The bolt of cold hits you!
* * * LOW HITPOINT WARNING * * *
Unknown command.
Okay, then.
Okay, then.
Unknown command.
The ice beast hits you but does no damage.
The white ugly thing is struck by your spines.
The white ugly thing bites you!
* * * LOW HITPOINT WARNING * * *
The white ugly thing freezes you!!
You die...

##........##
#..........##
#...........##
#.8..8.......#
#$.?.........#
#.:.(....©.∩.#
#}.?.........#
#.8..8uY.....#
#...YY.@....##
#.....Y....##
##........##
###...####
#####


You could see 2 ice statues, a white ugly thing and 4 ice beasts.

Vanquished Creatures
  2 two-headed ogres (D:10)
  A queen ant (Lair:2)
  Pikel (D:7)
  A wolf spider (Lair:2)
  An ugly thing (IceCv)
  2 black mambas (Lair:1)
  Psyche (D:8)
  3 spiny frogs
  A komodo dragon (Lair:1)
  A troll (D:9)
  Prince Ribbit (D:7)
  3 hippogriffs
  5 blink frogs (Lair:3)
  A redback (Lair:2)
  Sigmund (D:2)
  Eustachio (D:6)
  3 wyverns
  5 yaks (Lair:1)
  A hungry ghost (D:6)
  2 wargs
  17 soldier ants
  2 water moccasins
  10 ice beasts
  A sky beast (D:6)
  2 orc warriors
  A slave (D:7)
  3 porcupines
  A phantom (D:9)
  A black bear (D:6)
  5 ogres
  6 wolves
  4 centaurs
  A crocodile (Lair:3)
  7 bullfrogs
  A gnoll sergeant (D:8)
  4 scorpions
  2 wyvern skeletons (D:9)
  A water moccasin skeleton (D:8)
  5 killer bees
  4 wights (D:6)
  An electric eel (D:10)
  7 crimson imps
  4 hounds
  A jelly (D:7)
  A bullfrog skeleton (D:8)
  2 centaur skeletons
  4 orc priests
  6 orc wizards
  Jessica (D:2)
  Terence (D:3)
  3 iguanas
  24 worker ants
  3 gnolls (D:8)
  10 adders
  An ooze (D:6)
  An adder skeleton (D:4)
  2 worms
  4 dart slugs
  5 leopard geckos
  13 orcs
  2 ball pythons (D:2)
  2 giant cockroaches (D:1)
  6 goblins
  7 hobgoblins
  2 jackals (D:1)
  8 quokkas
  5 bats
  9 frilled lizards
  9 kobolds
  A leopard gecko skeleton (D:5)
  8 rats
268 creatures vanquished.

Vanquished Creatures (collateral kills)
  A catoblepas (Lair:2)
  An oklob plant (Lair:2)
  The ghost of error the Stinger, a novice OpVM (D:8)
  A black mamba (Lair:1)
  2 spiny frogs
  2 rime drakes (Lair:3)
  A komodo dragon (Lair:2)
  2 jumping spiders (Lair:2)
  A hippogriff (Lair:2)
  A warg (D:8)
  3 soldier ants
  3 water moccasins
  A hornet zombie (D:8)
  2 sky beasts
  2 wolves (Lair:3)
  5 ogres
  A centaur (D:8)
  A crocodile (Lair:1)
  A big kobold (D:9)
  A bullfrog (Lair:2)
  A scorpion (D:10)
  2 killer bees
  A wight (D:6)
  A centaur zombie (D:7)
  A bullfrog zombie (D:7)
  2 centaur skeletons
  A hound (D:7)
  An orc wizard (D:10)
  An iguana (D:10)
  2 worker ants
  A shadow imp (D:10)
  An adder skeleton (D:9)
  A leopard gecko (D:6)
  5 orcs
  4 goblins
  A quokka (D:8)
  A plant (Lair:2)
60 creatures vanquished.

Vanquished Creatures (others)
  An orc wizard (D:5)
  13 battlemagi
  3 ancestors
  A plant (Lair:2)
18 creatures vanquished.

Grand Total: 346 creatures vanquished

Notes
Turn   | Place    | Note
-------+----------+-------------------------------------------
     0 | D:1      | GuyWithAPlan the Demonspawn Gladiator began the quest for the Orb.
     0 | D:1      | Reached XP level 1. HP: 16/16 MP: 1/1
   141 | D:1      | Gained mutation: You are partially covered in slimy green scales. (AC +2) [demonic ancestry]
   141 | D:1      | Reached XP level 2. HP: 11/22 MP: 2/2
   744 | D:2      | Gained mutation: A weak demonic guardian rushes to your aid. [demonic ancestry]
   744 | D:2      | Reached XP level 3. HP: 20/27 MP: 3/3
   803 | D:2      | Reached skill level 1 in Polearms
   819 | D:2      | Noticed Jessica
   822 | D:2      | Killed Jessica
   911 | D:2      | Noticed Sigmund
   913 | D:2      | Found a faded altar of an unknown god.
  1444 | D:2      | Reached skill level 2 in Polearms
  1552 | D:2      | Reached XP level 4. HP: 26/33 MP: 4/4
  1690 | D:2      | Killed Sigmund
  1690 | D:2      | Reached skill level 4 in Polearms
  1690 | D:2      | Reached XP level 5. HP: 38/38 MP: 5/5
  2142 | D:3      | Noticed Terence
  2160 | D:3      | Killed Terence
  2160 | D:3      | Reached XP level 6. HP: 44/44 MP: 6/6
  2244 | D:3      | Found a glowing silver altar of Zin.
  2287 | D:3      | Found a burning altar of Makhleb.
  2583 | D:4      | Reached skill level 5 in Polearms
  3001 | D:4      | Found a stormy altar of Qazlal.
  3093 | D:4      | Found a staircase to the Ecumenical Temple.
  3203 | Temple   | Entered the Ecumenical Temple
  3208 | Temple   | Became a worshipper of Hepliaklqana the Forgotten
  3293 | D:4      | Reached skill level 6 in Polearms
  3434 | D:5      | Entered Level 5 of the Dungeon
  3445 | D:5      | Noticed an ice beast
  3447 | D:5      | Gained mutation: You have a pair of small horns on your head. [demonic ancestry]
  3447 | D:5      | Reached XP level 7. HP: 45/45 MP: 7/7
  3654 | D:5      | Reached skill level 7 in Polearms
  4019 | D:5      | Reached * piety under Hepliaklqana
  4149 | D:5      | Reached skill level 8 in Polearms
  4149 | D:5      | Reached XP level 8. HP: 49/50 MP: 8/8
  4425 | D:6      | Reached skill level 9 in Polearms
  4509 | D:6      | Found an ornate altar of the Wu Jian Council.
  4606 | D:6      | Reached skill level 10 in Polearms
  4857 | D:6      | Gained mutation: You are mostly covered in slimy green scales. (AC +3) [demonic ancestry]
  4857 | D:6      | Reached XP level 9. HP: 54/54 MP: 9/9
  4998 | D:6      | Noticed Eustachio
  5012 | D:6      | Killed Eustachio
  5389 | D:7      | Reached skill level 11 in Polearms
  5445 | D:7      | Got a slimy plate armour
  5456 | D:7      | Identified the +5 plate armour of Gluttony {rF+} (You found it on level 7 of the Dungeon)
  5561 | D:7      | Noticed Pikel
  5600 | D:7      | Killed Pikel
  5654 | D:7      | Noticed Prince Ribbit
  5668 | D:7      | Killed Prince Ribbit
  5668 | D:7      | Reached skill level 12 in Polearms
  5726 | D:7      | Reached ** piety under Hepliaklqana
  5730 | D:7      | Remembered your ancestor Ferrarri as a battlemage
  6223 | D:8      | Gained mutation: You are partially covered in sharp spines. [demonic ancestry]
  6223 | D:8      | Reached XP level 10. HP: 60/60 MP: 10/10
  6255 | D:8      | Found Dirr's Distillery.
  6528 | D:8      | Found a sparkling altar of Nemelex Xobeh.
  6649 | D:8      | Found a white marble altar of Elyvilon.
  6649 | D:8      | Found a bloodstained altar of Trog.
  6686 | D:8      | Noticed error's ghost (novice OpVM)
  6693 | D:8      | Killed error's ghost
  6693 | D:8      | Reached skill level 13 in Polearms
  6824 | D:8      | Noticed Psyche
  6832 | D:8      | Killed Psyche
  6910 | D:8      | Reached *** piety under Hepliaklqana
  7053 | D:9      | Found a staircase to the Lair.
  7310 | D:9      | Reached skill level 14 in Polearms
  7504 | D:9      | Found an iron altar of Okawaru.
  7956 | D:10     | Entered Level 10 of the Dungeon
  7978 | D:10     | Noticed a two-headed ogre
  7981 | D:10     | Noticed a two-headed ogre
  7990 | D:10     | Killed a two-headed ogre
  7990 | D:10     | Gained mutation: You are mostly covered in sharp spines. [demonic ancestry]
  7990 | D:10     | Reached XP level 11. HP: 61/64 MP: 11/11
  8028 | D:10     | Killed a two-headed ogre
  8395 | D:10     | Reached skill level 15 in Polearms
  8414 | D:10     | Noticed Paulina's ghost (journeyman FoEn)
  9026 | Lair:1   | Entered Level 1 of the Lair of Beasts
  9355 | Lair:1   | Reached **** piety under Hepliaklqana
 10185 | Lair:2   | Reached skill level 16 in Polearms
 10202 | Lair:2   | Noticed a queen ant
 10366 | Lair:2   | Killed a queen ant
 10592 | Lair:2   | Gained mutation: Your magical and physical power is slightly enhanced at high health. [demonic ancestry]
 10592 | Lair:2   | Reached XP level 12. HP: 70/70 MP: 12/12
 11061 | Lair:2   | Noticed a catoblepas
 11070 | Lair:2   | Killed a catoblepas
 11070 | Lair:2   | Reached skill level 17 in Polearms
 11273 | Lair:2   | Found a hole to the Spider Nest.
 11924 | Lair:3   | Found a frozen archway.
 12119 | IceCv    | Entered an ice cave
 12132 | IceCv    | Found a transporter.
 12246 | IceCv    | Annihilated by a white ugly thing

Skill      XL: |  1  2  3  4  5  6  7  8  9 10 11 12 |
---------------+-------------------------------------+-----
Maces & Flails | 3 |  3.7
Polearms       | 2 4 6 8 10 12 14 16 17 | 17.9
Fighting       | |  2.0
Throwing       | |  1.7
Dodging        | |  2.6

Action                   |  1- 3 |  4- 6 |  7- 9 | 10-12 || total
-------------------------+-------+-------+-------+-------++-------
Melee: Flail             |    76 |       |       |       ||    76
       Glaive            |    49 |   104 |    96 |   237 ||   486
       Headbutt          |       |       |    30 |    98 ||   128
       Spear             |       |       |   167 |   361 ||   528
Throw: Javelin           |       |       |     2 |     7 ||     9
       Throwing net      |       |       |       |     2 ||     2
Invok: Ancestor Identity |       |     1 |       |       ||     1
       Ancestor Life: Ba |       |       |     1 |       ||     1
       Recall Ancestor   |       |       |       |     2 ||     2
Evoke: Wand              |       |       |       |     4 ||     4
  Use: Scroll            |     1 |     3 |     6 |     6 ||    16
       Potion            |       |       |       |     2 ||     2
 Stab: Distracted        |       |       |     5 |     7 ||    12
  Eat: Chunk             |     2 |     6 |     9 |     9 ||    26
       Ration            |       |       |       |     4 ||     4
Armor: Leather armour    |    34 |       |       |       ||    34
       Ring mail         |    32 |    11 |       |       ||    43
       Scale mail        |       |    18 |    38 |       ||    56
       Plate armour      |       |       |     9 |   207 ||   216
       Chain mail        |       |       |     3 |       ||     3
Dodge: Dodged            |   110 |    52 |    66 |   135 ||   363
